 Dungeon Crawl Stone Soup version 0.15-a0-2213-gb17132f (webtiles) character file.

11419 Crauler the Carver (level 12, -2/77 HPs)
             Began as a Halfling Fighter on July 24, 2014.
             Was an Elder of Okawaru.
             Killed from afar by an orc wizard (7 damage)
             ... with a magic dart
             ... on Level 12 of the Dungeon.
             The game lasted 01:09:03 (15305 turns).

Crauler the Carver (Halfling Fighter)              Turns: 15305, Time: 01:09:03

HP  -2/77        AC  9     Str 17      XL: 12   Next:  7%
MP  22/22        EV 19     Int  7      God: Okawaru [****..]
Gold 700         SH  8     Dex 18      Spells:  1 memorised,  9 levels left

rFire  . . .     SeeInvis .     M - +1 falchion (flame)
rCold  . . .     Clarity  .     O - +0 leather armour {rPois}
rNeg   . . .     rCorr    +     c - +0 buckler
rPois  +         rRot     .     h - +1 helmet
rElec  .         Spirit   .     o - +2 cloak
SustAb .         Warding  .     (no gloves)
rMut   .         Stasis   .     (no boots)
Gourm  .                        v - amulet of resist corrosion
MR     +....                    k - ring of protection from magic
                                m - ring of invisibility

@: somewhat resistant to hostile enchantments, very unstealthy
A: blurry vision 1, mutation resistance 1
a: Heroism, Renounce Religion, Evoke Invisibility


You were on level 12 of the Dungeon.
You worshipped Okawaru.
Okawaru was greatly pleased with you.
You were not hungry.

You visited 2 branches of the dungeon, and saw 13 of its levels.

You collected 700 gold pieces.

Inventory:

Hand weapons
 t - a +1 blowgun
 M - a +1 falchion of flaming (weapon)
Missiles
 s - 37 poisoned needles
 P - 7 curare-tipped needles
 R - 4 needles of confusion
Armour
 a - a +0 cloak of darkness
 b - a +0 scale mail
 c - a +0 buckler (worn)
 h - a +1 helmet (worn)
 o - a +2 cloak (worn)
 w - a +1 ring mail of poison resistance
 I - a +0 plate armour
 O - a +0 leather armour of poison resistance (worn)
 V - a +2 ring mail of fire resistance
Magical devices
 f - a wand of frost (11)
 l - a wand of flame (18)
 N - a wand of lightning (7)
 W - a wand of draining (5)
 Y - a wand of fire (7)
Comestibles
 d - 6 bread rations
 g - 8 meat rations
 z - 3 royal jellies
 J - a fruit
 Z - 2 chunks of orc flesh
Scrolls
 i - 4 scrolls of amnesia
 n - 2 scrolls of teleportation
 p - 5 scrolls of identify
 q - 5 scrolls of remove curse
 r - 2 scrolls of fear
 y - 4 scrolls of recharging
 C - 2 scrolls of enchant weapon
 E - a scroll of fog
 F - a scroll of enchant armour
 Q - a scroll of magic mapping
Jewellery
 j - an uncursed ring of teleportation
 k - a ring of protection from magic (right hand)
 m - a ring of invisibility (left hand)
 v - an amulet of resist corrosion (around neck)
 L - an uncursed amulet of resist mutation
Potions
 e - 2 potions of might
 x - a potion of heal wounds
 A - a potion of cancellation
 B - a potion of restore abilities
 D - a potion of lignification
 K - 3 potions of curing
 X - a potion of flight
Books
 H - a book of Enchantments

   Spells                             Type                      Level
   Tukima's Dance                     Hexes                        3
   Cause Fear                         Hexes                        4
   Silence                            Hexes/Air                    5
   Deflect Missiles                   Charms/Air                   6
   Haste                              Charms                       6
   Discord                            Hexes                        8
 T - a Necronomicon {highlevel, unknown}

   This book is beyond your current level of understanding.

   Spells                             Type                      Level
   Haunt                              Necromancy/Summoning         7
   Borgnjor's Revivification          Necromancy                   8
   Death's Door                       Charms/Necromancy            8
   Necromutation                      Transmutation/Necromancy     8
 U - Clarph's Spellweaving, Part Two
   (You found it on level 9 of the Dungeon)

   Spells                             Type                      Level
   Song of Slaying                    Charms                       2
   Swiftness                          Charms/Air                   2
   Throw Flame                        Conjuration/Fire             2
   Cure Poison                        Poison                       2
   *Blink                             Translocation                2


   Skills:
 - Level 5.0 Fighting
 - Level 11.0 Long Blades
 - Level 5.4 Throwing
 - Level 6.0 Armour
 + Level 7.9 Dodging
 + Level 9.1 Shields
 + Level 3.7 Translocations
 + Level 6.0 Invocations


You had 9 spell levels left.
You knew the following spells:

 Your Spells              Type           Power        Failure   Level  Hunger
a - Blink                 Tloc           N/A          17%         2    ###....


Dungeon Overview and Level Annotations

Branches:
Dungeon (12/15)            Temple (1/1) D:5            Lair (0/8) D:9
    Orc: D:9-12

Altars:
Ashenzari
Cheibriados
Dithmenos
Elyvilon
Fedhas
Makhleb
Nemelex Xobeh
Okawaru
Qazlal
Trog
Xom
Yredelemnul
The Shining One

Annotations:
D:2 rock vault
D:9 need sINV, 1 exclusion
D:10 exclusions: orange crystal statue and silver statue


Innate Abilities, Weirdness & Mutations

You are small and have problems with some larger weapons.
You are somewhat resistant to further mutation.
Your vision is a little blurry.


Message History

* * * LOW HITPOINT WARNING * * *
The orc wizard mumbles some strange words.
The orc wizard blinks!
A slime creature comes into view.
Found a stone staircase leading down.
The slime creature quivers.
The orc wizard gestures wildly while chanting.
The orc wizard blinks!
The orc wizard gestures at you while chanting.
The magic dart hits you!
The orc wizard points at you and mumbles some strange words.
The magic dart hits you!
* * * LOW HITPOINT WARNING * * *
The orc wizard completely misses you.
The orc wizard points at you and mumbles some strange words.
The magic dart hits you!
* * * LOW HITPOINT WARNING * * *
The orc wizard gestures at you while chanting.
The magic dart hits you!
You die...

#.> ###...### #.....##..
#.#####.......###.###.....
#.#...............# #.##..
######.#.#.........###.###.....
..#..}..#......../## #.....##..
#.#.##.#...o......###########.#
#.#...##...J..........# #...#
#.#..#.#....o.....###.#####.###
#.#..#...#...#@...# #.........#
###.#o.#.#.#...#...## #.....###.#
.......o.#.#####...####.....###..
ooo....###.#####...##.........#.#
.##.#.## #..............).......#
###.#.#######.####.##.......<>###
# #.#.........# #.####....##.###
o.############# #.# #....##....
.# #.# #....######


You could see a slime creature, an orc wizard and an orc.

Vanquished Creatures
  A hydra (D:11)
  3 hill giants
  A manticore (D:11)
  Joseph (D:11)
  An item mimic (D:10)
  2 trolls
  11 yaks (D:11)
  A deep elf mage (D:10)
  A wraith (D:10)
  2 hippogriffs (D:7)
  Eustachio (D:8)
  2 hungry ghosts
  A deep elf fighter (D:9)
  A hill giant skeleton (D:7)
  A steam dragon (D:11)
  4 sky beasts
  A mottled dragon (D:12)
  5 ice beasts
  7 ogres
  3 orc warriors
  A necrophage (D:11)
  A manticore skeleton (D:11)
  2 centaurs
  2 phantoms
  Duvessa (D:4)
  A crocodile (D:9)
  2 big kobolds
  2 giant frogs (D:10)
  2 gnoll sergeants
  6 killer bees (D:8)
  A water moccasin skeleton (D:7)
  An eye of draining (D:8)
  2 scorpions
  2 spriggan skeletons (D:9)
  A troll skeleton (D:9)
  A yak skeleton (D:11)
  2 crimson imps
  Dowan (D:4)
  4 hounds
  3 jellies
  7 orc priests
  Crazy Yiuf (D:2)
  An elf skeleton (D:11)
  6 worker ants
  An iguana (D:9)
  A two-headed ogre skeleton (D:6)
  16 orc wizards
  Ijyb (D:2)
  The ghost of DeepElves the Magician, a weakling DEIE (D:3)
  6 adders
  15 gnolls
  2 green rats (D:9)
  2 worms
  2 shadow imps (D:5)
  An ufetubus (D:8)
  A white imp (D:8)
  An adder zombie (D:7)
  An iguana zombie (D:5)
  An adder skeleton (D:8)
  39 orcs
  6 giant cockroaches
  18 hobgoblins
  5 jackals
  26 kobolds
  4 quokkas
  3 ball pythons
  32 bats
  8 giant geckos
  A giant gecko skeleton (D:4)
  5 giant newts
  20 goblins
  A goblin skeleton (D:4)
  A hobgoblin skeleton (D:7)
  2 orc skeletons
  2 orc zombies
  A quokka skeleton (D:4)
  31 rats
  A rat skeleton (D:4)
  A rat zombie (D:5)
362 creatures vanquished.

Notes
Turn   | Place    | Note
--------------------------------------------------------------
     0 | D:1      | Crauler, the Halfling Fighter, began the quest for the Orb.
     0 | D:1      | Reached XP level 1. HP: 15/15 MP: 1/1
    57 | D:1      | Reached XP level 2. HP: 18/20 MP: 2/2
   306 | D:1      | Reached XP level 3. HP: 23/26 MP: 3/3
  1149 | D:2      | Reached XP level 4. HP: 31/31 MP: 4/4
  1202 | D:2      | Found a sparkling altar of Nemelex Xobeh.
  1205 | D:2      | Noticed Ijyb
  1242 | D:2      | Killed Ijyb
  1616 | D:3      | Noticed DeepElves' ghost (weakling DEIE)
  1625 | D:2      | Reached XP level 5. HP: 33/36 MP: 5/5
  2027 | D:3      | Found a snail-covered altar of Cheibriados.
  2255 | D:3      | Reached skill level 4 in Armour
  2311 | D:3      | Killed DeepElves' ghost
  2645 | D:4      | Reached XP level 6. HP: 12/42 MP: 6/6
  2727 | D:4      | Noticed Duvessa
  2727 | D:4      | Noticed Dowan
  3043 | D:2      | Noticed Crazy Yiuf
  3051 | D:2      | Killed Crazy Yiuf
  4114 | D:4      | Reached XP level 7. HP: 17/47 MP: 7/7
  4361 | D:4      | Killed Duvessa
  4361 | D:4      | Reached skill level 5 in Long Blades
  4361 | D:4      | Reached skill level 1 in Throwing
  4379 | D:4      | Killed Dowan
  5632 | D:5      | Entered Level 5 of the Dungeon
  5671 | D:5      | Reached XP level 8. HP: 38/54 MP: 8/8
  5679 | D:5      | Reached skill level 6 in Long Blades
  6277 | D:5      | Found a staircase to the Ecumenical Temple.
  6283 | Temple   | Entered the Ecumenical Temple
  6297 | Temple   | Became a worshipper of Warmaster Okawaru
  7240 | D:6      | Reached skill level 5 in Fighting
  7240 | D:6      | Reached skill level 7 in Long Blades
  7302 | D:6      | Found a stormy altar of Qazlal.
  7603 | D:7      | Reached skill level 5 in Throwing
  7605 | D:7      | Acquired Okawaru's first power
  7673 | D:7      | Reached XP level 9. HP: 48/61 MP: 9/9
  7760 | D:7      | Reached skill level 1 in Dodging
  7988 | D:7      | Reached skill level 8 in Long Blades
  7999 | D:7      | Reached skill level 5 in Shields
  8016 | D:7      | Reached skill level 5 in Armour
  9403 | D:8      | Noticed Eustachio
  9866 | D:8      | Reached skill level 9 in Long Blades
  9895 | D:8      | Killed Eustachio
  9895 | D:8      | Reached XP level 10. HP: 49/66 MP: 8/10
 10146 | D:8      | Found a bloodstained altar of Trog.
 10402 | D:8      | Reached skill level 5 in Dodging
 10887 | D:9      | Identified Clarph's Spellweaving, Part Two
 10915 | D:9      | Learned a level 2 spell: Blink
 11444 | D:9      | Found a staircase to the Lair.
 11665 | D:9      | Reached skill level 1 in Invocations
 11968 | D:9      | Reached skill level 10 in Long Blades
 12016 | D:9      | Found a shadowy altar of Dithmenos.
 12021 | D:9      | Found a burning altar of Makhleb.
 12050 | D:10     | Entered Level 10 of the Dungeon
 12058 | D:10     | Noticed an orange crystal statue
 12090 | D:10     | Noticed a silver statue
 12095 | D:10     | Noticed an iron devil
 12263 | D:10     | Noticed a hill giant
 12286 | D:10     | Killed a hill giant
 12758 | D:10     | Reached XP level 11. HP: 47/71 MP: 15/15
 12905 | D:10     | Gained mutation: Your vision is a little blurry. [potion of mutation]
 13379 | D:11     | Noticed a six-headed hydra
 13557 | D:11     | Noticed a hill giant
 13582 | D:11     | Killed a hill giant
 13582 | D:11     | Reached skill level 11 in Long Blades
 13856 | D:11     | Reached skill level 1 in Translocations
 14024 | D:11     | Noticed Joseph
 14056 | D:11     | Killed Joseph
 14148 | D:11     | Reached skill level 5 in Invocations
 14494 | D:11     | Noticed a manticore
 14517 | D:11     | Killed a manticore
 14633 | D:11     | Killed a hydra
 14928 | D:12     | Noticed a hill giant
 14958 | D:12     | Killed a hill giant
 14958 | D:12     | Reached XP level 12. HP: 58/77 MP: 21/21
 15305 | D:12     | Killed from afar by an orc wizard

Action                   |  1- 3 |  4- 6 |  7- 9 | 10-12 || total
-------------------------+-------+-------+-------+-------++-------
Melee: Long sword        |   123 |   290 |   519 |       ||   932
       Falchion          |       |       |   112 |   700 ||   812
 Fire: Blowgun           |       |       |    44 |    32 ||    76
Invok: Heroism           |       |       |     5 |    14 ||    19
Evoke: Wand              |       |     1 |     4 |     3 ||     8
  Use: Scroll            |     1 |     4 |     4 |     6 ||    15
       Potion            |       |     4 |     4 |     5 ||    13
 Stab: Distracted        |       |       |       |     1 ||     1
  Eat: Chunk             |     1 |     6 |    17 |    12 ||    36
       Meat ration       |       |     1 |     1 |     1 ||     3
